 Dungeon Sprint DCSS version 0.26-a0-663-g36e8fdb655 (webtiles) character file.

Game seed: 9877451891197875167

372 sahdkjhfkaj the Zephyrmancer (level 6, 0/32 HPs)
             Began as a Tengu Air Elementalist on Oct 12, 2020.
             Was a Believer of Sif Muna.
             Slain by an ice beast (5 damage)
             ... in the Dungeon (Sprint IX: "|||||||||||||||||||||||||||||").
             The game lasted 00:01:21 (744 turns).

sahdkjhfkaj the Zephyrmancer (TeAE)                  Turns: 744, Time: 00:01:21

Health: 0/32       AC:  3    Str:  8    XL:     6   Next: 71%
Magic:  1/16       EV: 15    Int: 17    God:    Sif Muna [**....]
Gold:   0          SH:  0    Dex: 21    Spells: 7/17 levels left

rFire    . . .     SeeInvis .   l - +2 scimitar (flame)
rCold    . . .     Faith    .   (no shield)
rNeg     . . .     Spirit   .   a - +0 robe
rPois    .         Reflect  .   (helmet restricted)
rElec    .         Harm     .   (no cloak)
rCorr    .         Rampage  .   m - +0 pair of gloves
MR       .....     NoTele   +   (boots unavailable)
Stlth    ++........             (no amulet)
HPRegen  0.10/turn              o - +3 ring of dexterity
MPRegen  0.15/turn              n - +3 ring of dexterity

@: flying quickly and evasively, very slightly contaminated, quick
A: beak, talons 3, able to fly
a: Stop Flying, Channel Magic, Renounce Religion


You were in the Dungeon.
You worshipped Sif Muna.
Sif Muna was pleased with you.
You visited 1 branch

Inventory:

Hand Weapons
 l - a +2 scimitar of flaming (weapon)
Armour
 a - a +0 robe (worn)
 m - a +0 pair of gloves (worn)
Jewellery
 n - a +3 ring of dexterity (right hand)
 o - a +3 ring of dexterity (left hand)
Wands
 k - a wand of iceblast (10)
Scrolls
 h - 2 scrolls of blinking
 i - 3 scrolls of remove curse
 j - 2 scrolls of amnesia
Potions
 b - a potion of invisibility
 c - 5 potions of curing
 d - 2 potions of heal wounds
 e - a potion of haste
 f - 3 potions of magic
 g - a potion of berserk rage


   Skills:
 - Level 2.1 Dodging
 - Level 2.0 Stealth
 + Level 6.0 Spellcasting
 * Level 11.3 Conjurations
 * Level 11.8 Air Magic


You had 7 spell levels left.
You knew the following spells:

 Your Spells              Type           Power        Failure   Level
a - Lightning Bolt        Conj/Air       #####.....   3%          5
b - Shock                 Conj/Air       ####         1%          1
x - Airstrike             Air            #####.....   1%          4

Your spell library contained the following spells:

 Spells                   Type           Power        Failure   Level
 Swiftness                Air            #####...     1%          2
 Static Discharge         Conj/Air       #####...     1%          3


Dungeon Overview and Level Annotations

Branches:
Dungeon (1/1)

Altars:
Cheibriados
Dithmenos
Elyvilon
Fedhas
Gozag
Hepliaklqana
Kikubaaqudgha
Makhleb
Nemelex Xobeh
Okawaru
Qazlal
Ru
Sif Muna
Trog
Uskayaw
Vehumet
Wu Jian
Xom
Yredelemnul
Zin
The Shining One
Beogh
Jiyva
Lugonu


Innate Abilities, Weirdness & Mutations

You have a beak for a mouth.
You have claws for feet.
You can fly continuously.


Message History

You miscast Lightning Bolt.
You are very lightly contaminated with residual magic.
Nothing appears to happen.
The ice beast barely misses you.
You riposte.
You closely miss the ice beast. Your kick misses the ice beast.
The ice beast is almost dead.
Unknown command.
Unknown command.
Unknown command.
Casting: Lightning Bolt (quite dangerous; 3% risk of failure)
Confirm with . or Enter, or press ? or * to list all spells.
The spell is quite dangerous to cast (3% risk of failure)!
Continue anyway?
Aiming: Lightning Bolt (quite dangerous; 3% risk of failure)
Press: ? - help, Shift-Dir - straight line, f/p - ice beast
Aim: an ice beast (almost dead)
You miscast Lightning Bolt.
Energy rips through your body!
* * * LOW HITPOINT WARNING * * *
The ice beast hits you.
* * * LOW HITPOINT WARNING * * *
The ice beast freezes you.
You die... ▓▓▓▓▓▓▓▓▓▓▓▓▓▓▓▓▓▓▓▓▓▓▓▓ +ccGz{Y@..).).'..[.[.).. ▓▓▓▓▓▓▓▓▓▓▓▓▓▓▓▓▓▓▓▓▓▓▓▓

You could see a skeletal warrior, a centaur warrior, an eye of draining, an ice beast and a centaur.

Vanquished Creatures
  An ice beast (D)
  An ogre (D)
  A centaur (D)
  A howler monkey (D)
  A hound (D)
  A worker ant (D)
  2 gnolls (D)
  An adder skeleton (D)
  An orc (D)
  A bat skeleton (D)
  2 hobgoblins (D)
  A bat (D)
  A frilled lizard (D)
  A rat (D)
16 creatures vanquished.

Notes
Turn   | Place    | Note
-------+----------+-------------------------------------------
     0 | D        | sahdkjhfkaj the Tengu Air Elementalist began the quest for
                  | the Orb.
     0 | D        | Reached XP level 1. HP: 10/10 MP: 4/4
   105 | D        | Noticed a centaur
   105 | D        | Noticed an ice beast
   109 | D        | Reached skill level 5 in Air Magic
   119 | D        | Reached XP level 2. HP: 9/15 MP: 0/6
   123 | D        | Killed a centaur
   123 | D        | Reached XP level 3. HP: 11/19 MP: 3/9
   123 | D        | Reached XP level 4. HP: 14/24 MP: 3/11
   125 | D        | Killed an ice beast
   125 | D        | Reached skill level 10 in Air Magic
   125 | D        | Gained mutation: You can fly continuously. [Tengu growth]
   125 | D        | Reached XP level 5. HP: 28/28 MP: 2/13
   333 | D        | Learned a level 5 spell: Lightning Bolt
   338 | D        | Learned a level 4 spell: Airstrike
   353 | D        | Found a roughly hewn altar of Beogh.
   353 | D        | Found a snail-covered altar of Cheibriados.
   353 | D        | Found a shadowy altar of Dithmenos.
   353 | D        | Found a white marble altar of Elyvilon.
   353 | D        | Found a blossoming altar of Fedhas.
   353 | D        | Found an opulent altar of Gozag.
   354 | D        | Found a hazy altar of Hepliaklqana.
   355 | D        | Found a viscous altar of Jiyva.
   356 | D        | Found an ancient bone altar of Kikubaaqudgha.
   357 | D        | Found a corrupted altar of Lugonu.
   358 | D        | Found a burning altar of Makhleb.
   359 | D        | Found a sparkling altar of Nemelex Xobeh.
   360 | D        | Found an iron altar of Okawaru.
   361 | D        | Found a stormy altar of Qazlal.
   362 | D        | Found a sacrificial altar of Ru.
   363 | D        | Found a shimmering blue altar of Sif Muna.
   364 | D        | Found a bloodstained altar of Trog.
   365 | D        | Found a hide-covered altar of Uskayaw.
   366 | D        | Found a radiant altar of Vehumet.
   367 | D        | Found an ornate altar of the Wu Jian Council.
   368 | D        | Found a shimmering altar of Xom.
   369 | D        | Found a basalt altar of Yredelemnul.
   370 | D        | Found a glowing silver altar of Zin.
   371 | D        | Found a glowing golden altar of the Shining One.
   373 | D        | Became a worshipper of Sif Muna the Loreminder
   410 | D        | Noticed an ogre
   413 | D        | Reached skill level 5 in Spellcasting
   413 | D        | Reached skill level 10 in Conjurations
   413 | D        | Reached XP level 6. HP: 28/32 MP: 3/14
   414 | D        | Reached * piety under Sif Muna
   437 | D        | Reached ** piety under Sif Muna
   740 | D        | Noticed a centaur warrior
   740 | D        | Noticed an eye of draining
   740 | D        | Noticed a skeletal warrior
   740 | D        | Noticed a shadow
   740 | D        | Noticed an ice beast
   744 | D        | Slain by an ice beast

Illustrated notes

Levels and vault maps discovered:
D:        linesprint [early_d, line_temple, items_1, d_10, items_2, lair_1,
          lair_end, items_3, orc_1, orc_end, items_4, d_15, swamp_1, shoals_1,
          snake_1, spider_1, d_20, vaults_1, items_5, swamp_end, shoals_end,
          snake_end, spider_end, vaults_end, d_27, items_6, zot_1, zot_end,
          crypt_end, forest_end, elf_end, slime_end, tomb_end, abyss_end,
          pan_hell_end]

Skill      XL: |  1  2  3  4  5  6 |
---------------+-------------------+-----
Conjurations   | 3 7 9 10 11 | 11.3
Air Magic      | 5 8 10 11 | 11.8
Spellcasting   | 4 5 6 |  6.0
Dodging        | |  2.1
Stealth        | |  2.0

Action                   |  1- 3 |  4- 6 || total
-------------------------+-------+-------++-------
Melee: Scimitar          |       |     3 ||     3
       Kick              |       |     3 ||     3
       Peck              |       |     2 ||     2
 Cast: Shock             |    11 |     7 ||    18
       Lightning Bolt    |       |     2 ||     2
 Abil: Fly               |       |     1 ||     1
  Use: Potion            |     1 |     1 ||     2
Armor: Robe              |       |     1 ||     1
Dodge: Dodged            |     3 |    14 ||    17
       Rpst.: Scimitar   |       |     4 ||     4

Table legend: (Time is in decaauts)
 A = Elapsed time spent in this place.
 B = Non-inter-level travel time spent in this place.
 C = Inter-level travel time spent in this place.
 D = Time resting spent in this place.
 E = Time spent auto-exploring this place.
 F = Levels seen in this place.
 G = Mean time per level.
                   A        B        C        D        E       F      G
               +--------+--------+--------+--------+--------+-----+--------+
         Total |    734 |    734 |      0 |    571 |      0 |   1 |  734.0 |
       Dungeon |    734 |    734 |      0 |    571 |      0 |   1 |  734.0 |
               +--------+--------+--------+--------+--------+-----+--------+

Top non-repeatable levels by time:
       D: 734 daAuts
